 Dungeon Crawl Stone Soup version 0.22.1-1-ga44c0e5 (webtiles) character file.

186 Fang the Skirmisher (level 5, -1/34 HPs)
             Began as a Gargoyle Berserker on Sept 25, 2018.
             Was a Believer of Trog.
             Slain by an orc
             ... wielding a +0 hand axe
              (2 damage)
             ... on level 4 of the Dungeon.
             The game lasted 00:01:09 (1058 turns).

Fang the Skirmisher (Gargoyle Berserker)            Turns: 1058, Time: 00:01:10

Health: -1/34      AC:  6    Str: 22    XL:     5   Next: 66%
Magic:  5/5        EV: 12    Int:  7    God:    Trog [**....]
Gold:   65         SH:  0    Dex:  9    Spells: 4/4 levels left

rFire    . . .     SeeInvis .   a - +0 hand axe
rCold    . . .     Gourm    .   (no shield)
rNeg     + . .     Faith    .   b - +0 animal skin
rPois    ∞         Spirit   .   (no helmet)
rElec    +         Reflect  .   (no cloak)
rCorr    .         Harm     .   (no gloves)
MR       .....                  (no boots)
Stlth    ++........             (no amulet)
HPRegen  0.11/turn              (no ring)
MPRegen  0.09/turn              (no ring)

@: berserk cooldown
A: negative energy resistance 1, electricity resistance, unbreathing,
petrification resistance, rot immunity, AC +4
a: Berserk, Trog's Hand, Renounce Religion


You were on level 4 of the Dungeon.
You worshipped Trog.
Trog was pleased with you.
You were very hungry.

You visited 1 branch of the dungeon, and saw 3 of its levels.

You collected 65 gold pieces.

Inventory:

Hand Weapons
 a - a +0 hand axe (weapon)
Armour
 b - a +0 animal skin (worn)
Jewellery
 g - a +5 ring of intelligence {unknown}
Scrolls
 e - 2 scrolls of teleportation {unknown}
 h - a scroll of identify {unknown}
 i - a scroll of remove curse {unknown}
Potions
 d - a potion of degeneration {unknown}
 f - 2 potions of heal wounds {unknown}
 j - a potion of curing {unknown}
Comestibles
 c - 3 rations


   Skills:
 + Level 4.4 Fighting
 + Level 4.3 Axes
 + Level 2.4 Armour
 + Level 2.1 Dodging
 + Level 1.6 Stealth


You had 4 spell levels left.
You didn't know any spells.
Your spell library was empty.

Dungeon Overview and Level Annotations

Branches:
Dungeon (2/15)

Altars:


Innate Abilities, Weirdness & Mutations

You are resistant to torment.
Your stone body is resilient. (AC +4)
You are immune to poison.
You resist negative energy. (rN+)
You are resistant to electric shocks. (rElec)
You can survive without breathing.
You are immune to petrification.
You are immune to rotting.


Message History

Trog accepts your kill.
You hit the orc but do no damage. The orc hits you but does no damage.
The orc priest hits you.
* * * LOW HITPOINT WARNING * * *
Unknown command.
You slash the orc priest!
The orc priest is severely wounded.
You hit the orc but do no damage.
You feel yourself speed up. The orc hits you with a hand axe.
* * * LOW HITPOINT WARNING * * *
The orc priest calls upon Beogh to heal the orc.
The orc's wounds heal themselves!
The orc barely misses you.
Unknown command.
You slash the orc priest!
You kill the orc priest!
Trog accepts your kill.
You hit the orc but do no damage.
The orc throws a stone.
The stone barely misses you. The orc hits you with a hand axe.
You die...

##.####....######.#
##.# #....######.##
...# #............###
.#.# #...######(#.#.#
.#.####...# #.......#
.....##...# ###(#...#
..........######.##..#
.....##..........(...#
#...## .######@##.##
##### ......o$##..#
.......o###.#
......... .. .........
..# .......... ...
.........# ..#
.........#


You could see 2 orcs.

Vanquished Creatures
  An orc priest (D:4)
  2 orc wizards (D:4)
  4 gnolls (D:2)
  2 adders
  A worm (D:2)
  A dart slug (D:1)
  6 orcs (D:4)
  2 bats (D:1)
  2 giant cockroaches (D:1)
  3 goblins
  A hobgoblin (D:1)
  6 jackals
  3 kobolds (D:1)
  3 frilled lizards
  2 rats (D:2)
39 creatures vanquished.

Notes
Turn   | Place    | Note
-------+----------+-------------------------------------------
     0 | D:1      | Fang the Gargoyle Berserker began the quest for the Orb.
     0 | D:1      | Reached XP level 1. HP: 14/14 MP: 1/1
   124 | D:1      | Reached XP level 2. HP: 17/19 MP: 2/2
   769 | D:2      | Reached XP level 3. HP: 18/24 MP: 3/3
   841 | D:2      | Reached XP level 4. HP: 29/29 MP: 4/4
   845 | D:2      | Reached skill level 1 in Stealth
   936 | D:2      | You fall through a shaft for 2 floors!
  1029 | D:4      | Reached ** piety under Trog
  1029 | D:4      | Reached XP level 5. HP: 32/33 MP: 5/5
  1057 | D:4      | HP: 1/34 [orc/hand axe (1)]
  1058 | D:4      | Slain by an orc

Skill      XL: |  1  2  3  4  5 |
---------------+----------------+-----
Fighting       | 4 |  4.4
Axes           | 3 4 |  4.3
Stealth        | 1 |  1.6
Dodging        | 2 |  2.1
Armour         | |  2.4

Action                   |  1- 3 |  4- 6 || total
-------------------------+-------+-------++-------
Melee: Hand axe          |    51 |    54 ||   105
Invok: Berserk           |     2 |     1 ||     3
 Stab: Sleeping          |       |     1 ||     1
  Eat: Chunk             |       |     2 ||     2
Armor: Animal skin       |    17 |    26 ||    43
Dodge: Dodged            |    49 |    48 ||    97
